 Dungeon Crawl Stone Soup version 0.31-a0-977-gc230f8ef24 (webtiles) character file.

Game seed: 12570182210093287704

26 Shayle the Ducker (level 3, -24/21 HPs)
             Began as a Tengu Hexslinger on Oct 30, 2023.
             Killed by an exploding adder (28 damage)
             ... ignited by their inner flame
             ... on level 2 of the Dungeon.
             The game lasted 00:02:49 (978 turns).

Shayle the Ducker (Tengu Hexslinger)                 Turns: 978, Time: 00:02:49

Health: -24/21     AC:  2    Str: 10    XL:     3   Next: 8%
Magic:  5/5        EV: 12    Int: 13    God:
Gold:   27         SH:  0    Dex: 16    Spells: 2/4 levels left

rFire   . . .        a - +1 sling
rCold   . . .        (no shield)
rNeg    . . .        c - +0 robe
rPois   .            (helmet restricted)
rElec   .            (no cloak)
rCorr   .            (no gloves)
SInv    .            (boots unavailable)
Will    .....        (no amulet)
Stlth   +            (no ring)
HPRegen 0.23/turn    (no ring)
MPRegen 0.09/turn

%: acrobat
@: lethally poisoned (-24 -> -27), attractive
A: beak, talons 3, acrobatic
a: no special abilities


You were on level 2 of the Dungeon.
You visited 1 branch of the dungeon, and saw 2 of its levels.

You collected 27 gold pieces.

Inventory:

Hand Weapons
 a - a +1 sling (weapon)
Armour
 c - a +0 robe (worn)
Scrolls
 b - a scroll of poison
 f - a scroll of identify
 g - a scroll of enchant armour


   Skills:
 + Level 1.9 Fighting
 - Level 2.1 Ranged Weapons
 + Level 1.4 Armour
 - Level 2.1 Dodging
 + Level 1.3 Unarmed Combat
 - Level 1.0 Spellcasting
 - Level 2.1 Hexes
 - Level 1.1 Fire Magic


You had 2 spell levels left.
You knew the following spells:

 Your Spells              Type           Power      Damage    Failure   Level
a - Jinxbite              Hex            12%        N/A       17%         2

Your spell library contained the following spells:

 Spells                   Type           Power      Damage    Failure   Level
 Sigil of Binding         Hex            6%         N/A       34%         3
 Inner Flame              Hex/Fire       4%         N/A       41%         3
 Cause Fear               Hex            3%         N/A       75%         4
 Dimensional Bullseye     Hex/Tloc       1%         N/A       87%         4


Dungeon Overview and Level Annotations

Branches:
Dungeon (2/15)

Altars:

Shops:
D:1 (


Innate Abilities, Weirdness & Mutations

You have a beak for a mouth.
You have claws for feet.
You can magically evade attacks while moving or waiting.


Message History

The adder misses you. The adder attacks as it pursues you! The adder bites you.
You are poisoned.
The adder poisons you! The adder bites you.
* * * LOW HITPOINT WARNING * * *
The adder completely misses you.
There is an open door here.
It was a potion of curing.
You feel better.
The adder bites you but does no damage. x2; The adder bites you.
Found 15 gold pieces.
The adder attacks as it pursues you! The adder completely misses you.
Okay, then.
It was a potion of attraction.
You feel attractive to monsters. The adder barely misses you. x2
You aren't carrying any potions.
Unknown command.
You aren't carrying any items that you can evoke.
You shoot a sling bullet. The sling bullet misses the adder.
The sling bullet hits the kobold but does no damage.
The adder bites you.
You are poisoned.
The adder poisons you! The adder misses you.
The adder bites you but does no damage.
You shoot a sling bullet. The sling bullet misses the adder.
You feel very sick. The adder barely misses you. The adder bites you.
The adder closely misses you. The adder bites you.
* * * LOW HITPOINT WARNING * * *
Unknown command.
You shoot a sling bullet. The sling bullet hits the adder.
Flame seeps out of the adder.
The adder is lightly wounded.
You feel sick. The adder barely misses you.
The adder is engulfed in blazing flames.
The adder explodes!
The fiery explosion engulfs the kobold!!
The fiery explosion engulfs the adder!!!
The fiery explosion engulfs you!!
Ouch! That really hurt!
You die...

#......#.# ...'
#......#.#....##
#......#.#...#.# #
#.#....#.....#.###..
#......#............
###....#............
#.......§.........
#.......§○§.....#.
#.......§§@.......
#....##'######$##.
#....#~~~#
#....'~~~+
#....#~~~#
#....##+###
#.........#
#...........
#..#######.#


There were no monsters in sight!

Vanquished Creatures
  2 adders (D:2)
  3 bats (D:1)
  4 giant cockroaches (D:1)
  2 goblins (D:1)
  3 hobgoblins (D:1)
  5 kobolds
  A quokka (D:1)
  4 ball pythons (D:1)
  2 rats (D:1)
26 creatures vanquished.

Notes
Turn   | Place    | Note
-------+----------+-------------------------------------------
     0 | D:1      | Shayle the Tengu Hexslinger began the quest for the Orb.
     0 | D:1      | Reached XP level 1. HP: 12/12 MP: 3/3
   199 | D:1      | Reached XP level 2. HP: 16/16 MP: 4/4
   256 | D:1      | Learned a level 2 spell: Jinxbite
   279 | D:1      | Reached skill level 1 in Armour
   279 | D:1      | Reached skill level 1 in Unarmed Combat
   301 | D:1      | Found Tunagef's Weapon Shop.
   396 | D:1      | Found a faded altar of an unknown god.
   602 | D:1      | Reached XP level 3. HP: 21/21 MP: 5/5
   978 | D:2      | Killed by an exploding adder... ignited by their inner
                  | flame

Illustrated notes

Levels and vault maps discovered:
D:1:      lemuel_arrival_broad_hall, layout_rooms, serial_bayou,
          serial_bayou_pond_b, serial_bayou_pond_c, serial_bayou_lagoon_b,
          serial_bayou_crossing, serial_bayou_lake_a, serial_bayou_ford_a,
          ebering_ecumenical_altar_abandoned, serial_shops,
          nicolae_shop_advertising_works [nicolae_subvault_shop_adworks],
          st_stairs_13
D:2:      layout_basic, serial_co_window_serial, co_window_corner_a,
          co_window_of_opportunity_a, co_window_paths_b, co_window_corner_a,
          co_window_paths_a, co_window_broadway_b, co_window_2corner,
          co_window_corner_b, co_window_paths_c, co_window_4corner_a,
          co_window_sun, glass_columns_a, glass_columns_b, serial_shops,
          nicolae_shop_rolling_square, minmay_liquid_box

Skill      XL: |  1  2 |
---------------+-------+-----
Armour         | 1 |  1.4
Unarmed Combat | 1 |  1.3
Fighting       | |  1.9
Ranged Weapons | |  2.1
Dodging        | |  2.1
Spellcasting   | |  1.0
Hexes          | |  2.1
Fire Magic     | |  1.1

Action                     || total
---------------------------++-------
   Fire: Sling             ||    50
    Use: Scroll            ||     2
         Potion            ||     2
 Armour: Robe              ||    27
  Dodge: Dodged            ||    38

Table legend: (Time is in decaauts)
 A = Elapsed time spent in this place.
 B = Non-inter-level travel time spent in this place.
 C = Inter-level travel time spent in this place.
 D = Time resting spent in this place.
 E = Time spent auto-exploring this place.
 F = Levels seen in this place.
 G = Mean time per level.
                   A        B        C        D        E       F      G
               +--------+--------+--------+--------+--------+-----+--------+
         Total |   1065 |   1058 |      7 |      0 |    878 |   2 |  532.5 |
       Dungeon |   1065 |   1058 |      7 |      0 |    878 |   2 |  532.5 |
               +--------+--------+--------+--------+--------+-----+--------+

Top non-repeatable levels by time:
     D:1: 858 daAuts
     D:2: 207 daAuts
